 Dungeon Crawl Stone Soup version 0.20.1-1-g8b1a95d (webtiles) character file.

197 slep the Skirmisher (level 5, 0/42 HPs)
             Began as a Demonspawn Abyssal Knight on Oct 25, 2017.
             Was a Believer of Lugonu.
             Slain by an adder (5 damage)
             ... on level 3 of the Dungeon.
             The game lasted 00:13:31 (2416 turns).

slep the Skirmisher (Demonspawn Abyssal Knight)     Turns: 2416, Time: 00:13:32

Health: 0/42       AC:  5    Str: 12    XL:     5   Next: 46%
Magic:  6/6        EV:  7    Int: 13    God:    Lugonu [**....]
Gold:   111        SH: 11    Dex: 14    Spells: 4/4 levels left

rFire    . . .     SeeInvis +   a - +1 falchion
rCold    . . .     Gourm    .   q - +0 large shield
rNeg     . . .     Faith    .   b - +0 leather armour
rPois    .         Spirit   .   (no helmet)
rElec    .         Reflect  .   (no cloak)
rCorr    .         Harm     .   (no gloves)
MR       +....                  (no boots)
Stlth    +.........             (no amulet)
Regen    0.2/turn               j - ring of see invisible
MPRegen  0.1/turn               k - ring of protection from magic

@: no status effects
A: iridescent scales 1, powered by death 1
a: Depart the Abyss, Bend Space, Renounce Religion


You were on level 3 of the Dungeon.
You worshipped Lugonu.
Lugonu was pleased with you.
You were hungry.

You visited 1 branch of the dungeon, and saw 3 of its levels.
You visited the Abyss 1 time.

You collected 111 gold pieces.

Inventory:

Hand Weapons
 a - a +1 falchion (weapon)
 p - a cursed -2 hand axe
 t - a +0 dagger of venom
Missiles
 s - 3 tomahawks (quivered)
Armour
 b - a +0 leather armour (worn)
 q - a +0 large shield (worn)
Jewellery
 d - an uncursed ring of ice
 j - a ring of see invisible (left hand)
 k - a ring of protection from magic (right hand)
 v - an uncursed amulet of guardian spirit {unknown}
Scrolls
 g - 4 scrolls of enchant armour {unknown}
 m - 8 scrolls of identify {unknown}
 n - 4 scrolls of teleportation
Potions
 e - 2 potions of berserk rage {unknown}
 f - 3 potions of haste
 i - 2 potions of cancellation {unknown}
 l - 2 potions of curing {unknown}
 u - a potion of magic {unknown}
Comestibles
 c - 2 bread rations
 h - 2 meat rations
 o - a fruit
 r - 4 chunks of flesh


   Skills:
 + Level 4.0 Fighting
 + Level 3.2 Long Blades
 + Level 2.5 Armour
 + Level 2.0 Dodging
 + Level 0.8 Stealth
 + Level 1.0 Shields
 + Level 2.4 Invocations


You had 4 spell levels left.
You didn't know any spells.

Dungeon Overview and Level Annotations

Branches:
Dungeon (3/15)

Altars:
Nemelex Xobeh


Innate Abilities, Weirdness & Mutations

You are partially covered in iridescent scales. (AC +2)
You regenerate a little health from kills.


Message History

* * * LOW HITPOINT WARNING * * *
You hit the adder.
The adder is moderately wounded.
You feel sick. You block the adder's attack. x2
You closely miss the adder.
The adder is moderately wounded.
You block the adder's attack.
You hit the adder.
The adder is heavily wounded.
The adder bites you but does no damage. You block the adder's attack.
You barely miss the adder.
The adder is heavily wounded.
You feel sick.
You are no longer poisoned.
The adder bites you but does no damage. The adder bites you.
* * * LOW HITPOINT WARNING * * *
You miss the adder.
The adder is heavily wounded.
The adder bites you.
You die...

.##.# #.#..# ##+###
#..#.#.### ....# #.#..# #.
...>....... .##.#
#.#..######.#######.#.#.###
<# .#
#.#..............##.#.#.#
##
#..............#.##.#.#.###
.... ....................
#.####...........#.#.### .
......S####.#.##.#.#.# #
#......@...........#.#
######........##.#.#.###
#.####.#........... ...
............... ###.
##.#.####.##### #.
#.#.####.##### #.
............†. #.
.#.####.##### #.#


You could see an adder.

Vanquished Creatures
  An orc wizard (D:3)
  4 gnolls (D:3)
  5 adders
  2 dart slugs
  4 leopard geckos
  5 orcs (D:3)
  11 bats
  A giant cockroach (D:3)
  8 goblins
  6 hobgoblins
  6 jackals
  2 ball pythons (D:1)
  A frilled lizard (D:1)
  9 kobolds
  8 rats
73 creatures vanquished.

Notes
Turn   | Place    | Note
-------+----------+-------------------------------------------
     0 | Abyss:1  | slep the Demonspawn Abyssal Knight began the quest for the Orb.
     0 | Abyss:1  | Reached XP level 1. HP: 18/18 MP: 2/2
   212 | Abyss:1  | Noticed a sixfirhy
   217 | D:1      | Escaped the Abyss
   236 | D:1      | Reached * piety under Lugonu
   274 | D:1      | Gained mutation: You are partially covered in iridescent scales. (AC +2) [demonic ancestry]
   274 | D:1      | Reached XP level 2. HP: 24/24 MP: 3/3
   569 | D:1      | Gained mutation: You regenerate a little health from kills. [demonic ancestry]
   569 | D:1      | Reached XP level 3. HP: 27/30 MP: 4/4
   732 | D:2      | Reached skill level 1 in Dodging
  1034 | D:2      | Found a sparkling altar of Nemelex Xobeh.
  1405 | D:2      | Reached XP level 4. HP: 37/37 MP: 5/5
  1498 | D:2      | Reached ** piety under Lugonu
  1828 | D:3      | Reached skill level 4 in Fighting
  1929 | D:3      | Reached XP level 5. HP: 28/42 MP: 6/6
  2300 | D:3      | Reached skill level 1 in Shields
  2416 | D:3      | Slain by an adder

Skill      XL: |  1  2  3  4  5 |
---------------+----------------+-----
Long Blades    | 2 3 |  3.2
Armour         | 2 |  2.5
Dodging        | 1 2 |  2.0
Fighting       | 4 |  4.0
Shields        | 1 |  1.0
Stealth        | |  0.8
Invocations    | |  2.4

Action                   |  1- 3 |  4- 6 || total
-------------------------+-------+-------++-------
Melee: Falchion          |    95 |   186 ||   281
Invok: Depart the Abyss  |     1 |       ||     1
  Use: Scroll            |     1 |       ||     1
 Stab: Sleeping          |       |     2 ||     2
  Eat: Chunk             |     2 |     3 ||     5
Armor: Leather armour    |    32 |    76 ||   108
Dodge: Dodged            |    76 |    65 ||   141
Block: Large shield      |       |   124 ||   124
       Rpst.: Falchion   |    20 |    20 ||    40
